[Event "Early-Titled-Tuesday-Blitz-March-26-2024"]
[Site "Chess.com"]
[Date "2024.03.26"]
[Round "6"]
[White "AlexanderKing"]
[Black "a-z30"]
[Result "1-0"]
[WhiteElo "2654"]
[BlackElo "2436"]
[TimeControl "180+1"]
[EndTime "9:05:52 PDT"]
[Termination "AlexanderKing won by resignation"]

1. c4 d6 2. Nf3 Nf6 3. Nc3 g6 4. g3 Bg7 5. Bg2 O-O 6. O-O c5 7. d4 Nc6 8. dxc5 dxc5 9. Bf4 Bf5 10. Ne5 Nxe5 11. Bxe5 Qb6 12. Qb3 Qe6 13. Bxf6 Bxf6 14. Nd5 Rab8 15. e4 Bxe4 16. Nxf6+ exf6 17. Rfe1 f5 18. f3 b5 19. fxe4 bxc4 20. Qc3 fxe4 21. Rxe4 Qb6 22. Rxc4 Qxb2 23. Qxb2 Rxb2 24. Rxc5 Rd8 25. Bd5 Rd2 26. Bb3 R8d7 27. Rf1 Kg7 28. Rc6 f5 29. Rf2 Rxf2 30. Kxf2 Rd2+ 31. Kg1 a5 32. Ra6 h5 33. h4 Rd3 34. Kf2 Rd2+ 35. Ke3 Rg2 36. Kf3 Rd2 37. Rxa5 Kh6 38. Ra6 Rd3+ 39. Kf2 Rd4 40. Bf7 f4 41. Rxg6+ Kh7 42. Rg5 fxg3+ 43. Kxg3 Rd3+ 44.
Kf2 Rd7 45. Rxh5+ Kg7 46. Bb3 Rd2+ 47. Ke3 Rh2 48. Kf4 Rf2+ 49. Kg3 Rf1 50. Ra5 Kg6 51. Ra6+ Kh5 52. Ra5+ Kh6 53. h5 Rc1 54. Kf2 Rc3 55. Ke2 Rh3 56. Kd2 Kg7 57. Kc2 Kf8 58. Kb2 Ke7 59.
Rd5 Kf6 60. a4 Rh2+ 61. Ka3 Rh4 62. a5 Ke7 63. a6 Rf4 64. a7 Rf8 65. Ra5 Ra8 1-0

[Event "Early-Titled-Tuesday-Blitz-March-26-2024"]
[Site "Chess.com"]
[Date "2024.03.26"]
[Round "6"]
[White "MikeSailer"]
[Black "sorch29"]
[Result "1/2-1/2"]
[WhiteElo "2097"]
[BlackElo "2455"]
[TimeControl "180+1"]
[EndTime "9:05:52 PDT"]
[Termination "Game drawn - insufficient material"]

1. d4 Nf6 2. Nf3 g6 3. Bf4 Bg7 4. e3 O-O 5. Be2 d6 6. O-O Nc6 7. h3 Nd7 8. c4 e5 9. Bh2 f5 10. Nc3 Kh8 11. Rb1 h6 12. b4 g5 13. b5 Ne7 14. a4 f4 15. a5 Nf5 16. dxe5 Nxe5 17.
Nxe5 dxe5 18. exf4 exf4 19. Qxd8 Rxd8 20. Nd5 c6 21.
Nc7 Bd7 22. Nxa8 Rxa8 23. Bg4 c5 24. Rbd1 Bd4 25. Kh1 Rd8 26. f3 Nd6 27. Bxd7 Rxd7 28. Rc1 Nf5 29. Rfe1 Ne3 30. Bg1 Kg7 31. Bxe3 fxe3 32.
Re2 Kf6 33. Kg1 Kf5 34. Kf1 Kf4 35. Rd1 h5 36. a6 bxa6 37. bxa6 Rd6 38. Ra2 Rb6 39. Ke2 Kg3 40. Kd3 Rb3+ 41. Ke4 Bb2 42. Re1 Kf2 43. Rxb2+ Rxb2 44. Rxe3 Rb6 45. Rd3 Rxa6 46.
Rd2+ Kg3 47. Kf5 Kh4 48. g3+ Kxh3 49. Kxg5 Kxg3 50. Kxh5 Kxf3 51. Kg5 Ke3 52. Rh2 Kd4 53. Rh4+ Kc3 54. Kf5 Rd6 55. Ke5 Rd4 56. Rxd4 cxd4 57. c5 d3 58. c6 d2 59. c7 d1=Q 60. c8=Q+ Kd2 61. Qd7+ Ke1 62. Qxd1+ Kxd1 63. Kd5 a5 64. Kc4 a4 65. Kb4 a3 66. Kxa3 1/2-1/2

[Event "Early-Titled-Tuesday-Blitz-March-26-2024"]
[Site "Chess.com"]
[Date "2024.03.26"]
[Round "6"]
[White "Angry_Twin"]
[Black "vasblesk"]
[Result "1-0"]
[WhiteElo "2917"]
[BlackElo "2787"]
[TimeControl "180+1"]
[EndTime "9:05:54 PDT"]
[Termination "Angry_Twin won by resignation"]

1. e4 e5 2. Nf3 Nf6 3. Nxe5 d6 4. Nf3 Nxe4 5. d4 d5 6. Bd3 Bd6 7. O-O O-O 8. c4 c6 9. Qc2 h6 10. c5 Bc7 11. Nc3 Nxc3 12. bxc3 Re8 13. Be3 Nd7 14.
h3 Nf6 15. Rae1 b6 16. Bd2 bxc5 17. dxc5 Nd7 18. Be3 Nf8 19. Bd4 Ne6 20. Bf5 Nxd4 21. Nxd4 Bd7 22. Qa4 Bxf5 23. Nxf5 Qd7 24. Nd4 Rxe1 25.
Rxe1 Re8 26. Rb1 Rc8 27. Qa6 Be5 28. Rb7 Qe8 29. Rxa7 Bxd4 30. cxd4 Qe1+ 31. Kh2 Qe6 32. Ra8 Rxa8 33. Qxa8+ Kh7 34. Qa3 Qf5 35. Qe3 Qc2 36. a3 Qa4 37. Qd3+ g6 38. Qc3 Kg7 39. Qe3 Qc2 40. Qe5+ Kg8 41. Qe8+ Kg7 42. Qe5+ Kg8 43. Qf6 Qa4 44. h4 h5 45. f3 Qa8 46. Kg3 Qb8+ 47. Qe5 Qa8 48. Kf4 Qxa3 49. Qe8+ Kg7 50. Qxc6 Qc1+ 51.
Ke5 Qe1+ 52. Kxd5 Qxh4 53. Qd6 Qf2 54. c6 Qxg2 55. Qe5+ Kg8 56. c7 Qxf3+ 57. Kd6 Qa3+ 58. Kd7 Qa4+ 59. Kd8 f6 60. Qd5+ 1-0

[Event "Early-Titled-Tuesday-Blitz-March-26-2024"]
[Site "Chess.com"]
[Date "2024.03.26"]
[Round "6"]
[White "HansOnTwitch"]
[Black "frederiksvane"]
[Result "1/2-1/2"]
[WhiteElo "3117"]
[BlackElo "2987"]
[TimeControl "180+1"]
[EndTime "9:05:59 PDT"]
[Termination "Game drawn by stalemate"]

1. d4 Nf6 2. c4 e6 3. Nf3 d5 4. Nc3 Nbd7 5. cxd5 exd5 6. h3 Bd6 7. Bg5 c6 8. e3 O-O 9. Bd3 Re8 10. O-O Nf8 11. Qc2 Ng6 12. Rae1 h6 13. Bxh6 gxh6 14. Bxg6 fxg6 15.
Qxg6+ Kh8 16. e4 Nh7 17. exd5 Rg8 18. Qxh6 Bf5 19. Ne5 Rg7 20. dxc6 bxc6 21. Re3 Qf8 22. Rg3 Rxg3 23. Qxf8+ Rxf8 24. fxg3 c5 25. Nb5 Be7 26.
Rxf5 Rxf5 27. Ng6+ Kg7 28. Nxe7 Rf7 29. Nc6 Rb7 30.
a4 cxd4 31. Nbxd4 Rxb2 32. Nxa7 Ra2 33. Nac6 Rxa4 34. Nf3 Nf6 35. g4 Ne4 36. Kh2 Ra2 37. Ncd4 Nf2 38. Nf5+ Kf6 39. Ne3 Ne4 40. h4 Re2 41. Nd5+ Kf7 42. Nf4 Ra2 43. g5 Kg7 44. Kh3 Ra1 45. Kg4 Nf2+ 46. Kf5 Ra5+ 47. Ne5 Ng4 48.
Nh5+ Kf8 49. Kxg4 Rxe5 50. Nf4 Kg7 51. h5 Re1 52. h6+ Kh7 53. Kh5 Rh1+ 54. Nh3 Rh2 55. g6+ Kg8 56. Kg4 Rxg2+ 57. Kf5 Ra2 58. Nf4 Ra5+ 59.
Kf6 Ra1 60. Ne6 Rf1+ 61. Ke7 Re1 62. h7+ Kh8 63. Kf6 Rf1+ 64. Ke5 Rg1 65. Kf5 Rxg6 66. Kxg6 1/2-1/2

[Event "Early-Titled-Tuesday-Blitz-March-26-2024"]
[Site "Chess.com"]
[Date "2024.03.26"]
[Round "6"]
[White "Zhigalko_Sergei"]
[Black "Gurvich_Vitaly"]
[Result "0-1"]
[WhiteElo "2890"]
[BlackElo "2725"]
[TimeControl "180+1"]
[EndTime "9:05:59 PDT"]
[Termination "Gurvich_Vitaly won on time"]

1. e4 c6 2. d4 d5 3. e5 Bf5 4. Nf3 e6 5. Be2 h6 6. O-O Nd7 7. Nbd2 Ne7 8. a4 a5 9. Nb3 b6 10. Bd2 g5 11. Ne1 Rg8 12. Nd3 Ng6 13.
Be3 Be7 14. Rc1 Rc8 15. c4 dxc4 16. Rxc4 Be4 17. Nd2 Bd5 18. Rc1 Kf8 19. Bf3 Kg7 20.
Be4 c5 21. b3 cxd4 22. Rxc8 Qxc8 23. Bxd4 Bxe4 24. Nxe4 Nc5 25. Nd6 Qc6 26. Bxc5 bxc5 27. Nc4 Rd8 28. Qe2 Qd5 29. Ndb2 Nf4 30. Qf3 Qxf3 31. gxf3 Rd5 32. Re1 Bd8 33. Kf1 Rd7 34.
Rc1 Rb7 35. Rc3 Bc7 36. Ke1 f6 37. exf6+ Kxf6 38. Kd1 Nd5 39. Rd3 Bf4 40. Ke2 Bxh2 41. Nxa5 Ra7 42. Nc6 Rc7 43. Na5 Nf4+ 44. Kf1 Nxd3 45. Nxd3 Bf4 46. Nc4 h5 47. a5 h4 48.
Kg2 e5 49. a6 Kf5 50. Nxc5 g4 51. fxg4+ Kxg4 52. Nb6 h3+ 53. Kh1 Rxc5 54. Nc4 Rd5 55.
f3+ Kxf3 56. Nb2 Rd2 57. a7 Rd8 0-1

[Event "Early-Titled-Tuesday-Blitz-March-26-2024"]
[Site "Chess.com"]
[Date "2024.03.26"]
[Round "6"]
[White "SAInt_666"]
[Black "Nf3c5"]
[Result "1-0"]
[WhiteElo "2739"]
[BlackElo "2543"]
[TimeControl "180+1"]
[EndTime "9:05:59 PDT"]
[Termination "SAInt_666 won by checkmate"]

1. d4 d5 2. Nf3 Nf6 3. c4 e6 4. Nc3 Be7 5. Bf4 O-O 6. e3 c5 7. dxc5 Na6 8. cxd5 Nxd5 9. Nxd5 exd5 10. Bxa6 Qa5+ 11.
Qd2 Qxa6 12. Bd6 Bxd6 13. cxd6 Bg4 14. Nd4 Rfd8 15. f3 Bh5 16. Kf2 Rxd6 17. Rhc1 Bg6 18. Rc7 Re8 19. a3 h5 20. Rac1 Rdd8 21. R1c3 Qd6 22. g3 Rb8 23. Nb5 Qb6 24. Nd4 Qd6 25.
Qc1 a6 26. Qf1 Qb6 27. b4 Qf6 28. Qh3 Qe5 29. Qh4 Qd6 30. Qf4 Qb6 31. R3c5 a5 32.
Rxa5 Ra8 33. Rxa8 Rxa8 34. Rc3 Qa6 35. Qc7 Qa4 36. Qxb7 Rd8 37. Qc7 Rf8 38. Qc5 Qd1 39. Ne2 Qh1 40. h4 Qh2+ 41. Ke1 Qh1+ 42. Kd2 Qxf3 43. b5 Bf5 44. b6 Bg4 45. Qb5 d4 46.
exd4 Qf2 47. Re3 Rd8 48. Re8+ Rxe8 49. Qxe8+ Kh7 50. Qe3 Qf1 51. Qd3+ f5 52. b7 Bxe2 53. Qxe2 Qb1 54. Qxh5+ Kg8 55. Qe8+ Kh7 56. b8=Q Qa2+ 57. Ke3 Qxa3+ 58. Kf4 Qd3 59. Qh5# 1-0

[Event "Early-Titled-Tuesday-Blitz-March-26-2024"]
[Site "Chess.com"]
[Date "2024.03.26"]
[Round "6"]
[White "ChessQueen"]
[Black "Midgardsormur"]
[Result "0-1"]
[WhiteElo "2717"]
[BlackElo "2459"]
[TimeControl "180+1"]
[EndTime "9:06:00 PDT"]
[Termination "Midgardsormur won by resignation"]

1. Nf3 Nf6 2. g3 c5 3. Bg2 Nc6 4. O-O e5 5. d3 d5 6. e4 dxe4 7.
dxe4 Qxd1 8. Rxd1 Nxe4 9. Nxe5 Nxe5 10. Bxe4 Bg4 11. Rd5 f6 12. f4 Nf3+ 13. Kf2 Nd4 14. f5 Rd8 15. Na3 Rxd5 16. Bxd5 b6 17. c3 Nxf5 18. Bf4 Bd6 19. Re1+ Kd8 20. Be6 Bxf4 21. gxf4 Nh6 22. Nb5 Bxe6 23. Rxe6 Kd7 24. Rd6+ Ke7 25. Rc6 Rd8 26. Rc7+ Rd7 27. Rxd7+ Kxd7 28. Nxa7 Ng4+ 29. Kg3 Ne3 30. Nb5 Kc6 31. a4 Nd1 32. b3 Nb2 33. Kf3 c4 34. bxc4 Nxc4 35. Nd4+ Kd5 36. Nf5 g6 37. Ne7+ Kd6 38. Nc8+ Kc5 39. Ke4 Nb2 40.
Ne7 Nxa4 41. Kd3 Nb2+ 42. Kc2 Nc4 43. Ng8 f5 44. Nf6 h6 45. Ng8 Ne3+ 46. Kd2 Ng2 47. Nxh6 Nxf4 48. Nf7 Ne6 49. Ne5 g5 50. Nd7+ Kc6 51.
Ne5+ Kd5 52. Nd7 b5 53. Nf6+ Ke5 54. Nd7+ Kf4 55. Nb6 Nc7 56. Ke2 Kg4 57. Kf2 Kh3 58. Kg1 g4 59. Nd7 g3 60. hxg3 Kxg3 61. Nf6 Kf3 62. Kf1 Ke3 63. Ng8 Kd3 64. Ne7 f4 65. Kf2 Kxc3 66. Nc6 b4 67. Na5 b3 0-1

[Event "Early-Titled-Tuesday-Blitz-March-26-2024"]
[Site "Chess.com"]
[Date "2024.03.26"]
[Round "6"]
[White "Navyblue1"]
[Black "LileKoridze"]
[Result "0-1"]
[WhiteElo "2240"]
[BlackElo "2447"]
[TimeControl "180+1"]
[EndTime "9:06:00 PDT"]
[Termination "LileKoridze won on time"]

1. d4 Nf6 2. c4 e6 3. Nf3 d5 4.
Nc3 c6 5. cxd5 exd5 6. Bg5 Be7 7.
Qc2 h6 8. Bh4 O-O 9. e3 Ne4 10.
Bxe7 Qxe7 11. Bd3 f5 12. O-O Nd7 13. Nd2 Ndf6 14. Rae1 Nxc3 15. bxc3 Ne4 16. f3 Nd6 17. c4 dxc4 18. Nxc4 Kh8 19. Ne5 Qf6 20. Rb1 Be6 21. a4 Qg5 22. Qf2 Bd5 23. Qe2 Rae8 24.
a5 c5 25. f4 Qf6 26. Nd7 Qf7 27. Nxf8 cxd4 28. Rfe1 Qxf8 29. Qd2 dxe3 30. Rxe3 Ne4 31. Bxe4 Bxe4 32. Rbe1 Qc5 33. h3 Qc7 34. Qf2 Qxa5 35.
g4 Rf8 36. Qh4 Qd2 37. Qf2 Qd6 38. gxf5 Bxf5 39. Kh2 b5 40. Qg3 b4 41. Re7 Rg8 42.
R7e5 Bh7 43. f5 Qf6 44. Rb5 Qf8 45. Qe5 a6 46. Rb6 Qc8 47. Re2 Qxf5 48. Qxf5 Bxf5 49. Rxb4 Bd3 50. Re3 Bb5 51. Ra3 Rc8 52. Kg3 Rc2 53. h4 Kh7 54. Kf4 Rc5 55. Kg3 Rc1 56. Kf4 Rh1 57. Kg3 Rg1+ 58. Kf4 h5 59. Ke5 Re1+ 60.
Kf4 Rg1 61. Ke5 Rg6 62. Kf4 Rf6+ 63. Ke5 Rf1 0-1

[Event "Early-Titled-Tuesday-Blitz-March-26-2024"]
[Site "Chess.com"]
[Date "2024.03.26"]
[Round "6"]
[White "shimastream"]
[Black "DreamsAreFake"]
[Result "0-1"]
[WhiteElo "3016"]
[BlackElo "2758"]
[TimeControl "180+1"]
[EndTime "9:06:02 PDT"]
[Termination "DreamsAreFake won on time"]

1. e4 Nf6 2. d3 e5 3. Nf3 Nc6 4. c3 d5 5. Qc2 Bc5 6. Bg5 dxe4 7. dxe4 O-O 8. Nbd2 h6 9. Bh4 Qe7 10. h3 a5 11. g4 g5 12. Bg3 Rd8 13. Bb5 Bd7 14.
Bxc6 Bxc6 15. Nxe5 Rxd2 16. Qxd2 Bxe4 17. O-O Rd8 18.
Qe2 Bd3 19. Qf3 Bxf1 20. Rxf1 c6 21. Re1 Bd6 22. Nd3 Qf8 23. Qxf6 Bxg3 24. Re3 Bd6 25.
a4 Rd7 26. Qf5 Re7 27. Qxa5 Rxe3 28. fxe3 Qe8 29. Kf2 Qe4 30. Qd8+ Bf8 31. Qd4 Qh1 32. Ne5 Qxh3 33. Qe4 Bd6 34. Nf3 Qg3+ 35. Ke2 Qg2+ 36. Kd3 Qxb2 37. Qe8+ Kg7 38. Nd4 Qb1+ 39. Ke2 Qa2+ 40.
Kf3 Qd5+ 41. e4 Qc4 42. Nf5+ Kh7 43. Ne3 Qe6 44. Qd8 Bf4 45. Nf5 Qc4 46. Ne3 Qxc3 47.
Qb6 Qxe3+ 48. Qxe3 Bxe3 49. Kxe3 Kg6 50. Kd4 h5 51.
Kc5 hxg4 52. Kb6 g3 53. Kxb7 g2 54. a5 g1=Q 55. a6 g4 56. a7 Qxa7+ 57. Kxa7 g3 58. e5 g2 59. e6 fxe6 60. Kb7 g1=Q 61. Kc7 Qd4 62. Kb7 e5 0-1

[Event "Early-Titled-Tuesday-Blitz-March-26-2024"]
[Site "Chess.com"]
[Date "2024.03.26"]
[Round "6"]
[White "ritanovikova"]
[Black "onnoelgersma"]
[Result "1-0"]
[WhiteElo "2118"]
[BlackElo "2513"]
[TimeControl "180+1"]
[EndTime "9:06:02 PDT"]
[Termination "ritanovikova won on time"]

1. e4 Nc6 2. d4 d6 3. Nf3 Nf6 4. Nc3 g6 5. Bd3 Bg7 6. h3 O-O 7. Be3 e5 8. d5 Ne7 9. O-O Nd7 10. Qd2 Nc5 11. Bh6 f5 12. Bxg7 Kxg7 13. b4 Nxd3 14. cxd3 fxe4 15. dxe4 Bxh3 16. Ng5 Bd7 17.
f4 h6 18. Ne6+ Bxe6 19. dxe6 Nc6 20. Nd5 Qh4 21. b5 Ne7 22. Nxc7 Rad8 23. fxe5 dxe5 24.
Qc3 Qxe4 25. Rxf8 Rxf8 26. Re1 Qd4+ 27. Qxd4 exd4 28. b6 axb6 29. Nb5 Rd8 30. Rf1 Rf8 31. Rc1 Nc6 32. Rd1 Kf6 33. Nxd4 Nxd4 34. Rxd4 Kxe6 35.
Rb4 Rf7 36. Rxb6+ Kf5 37. Rb5+ Kf6 38. Rb6+ Kg7 39. a4 h5 40. a5 Kh6 41. a6 bxa6 42.
Rxa6 Rb7 43. Ra5 Rb2 44. Kh2 Rb1 45. Ra6 Rb5 46. Rc6 h4 47. Rc4 Kh5 48. Rc3 Rb1 49. Rc8 Ra1 50. Rh8+ Kg4 51. Rg8 g5 52. Rb8 Rf1 53. Rb4+ Rf4 54. Rb3 Ra4 55. Rc3 Kh5 56.
Rc5 Rf4 57. Rb5 Kg4 58. Rb3 Rd4 59. Ra3 Kf4 60. Rf3+ 1-0

[Event "Early-Titled-Tuesday-Blitz-March-26-2024"]
[Site "Chess.com"]
[Date "2024.03.26"]
[Round "6"]
[White "Zohid6"]
[Black "SashaKuzhilniy"]
[Result "1/2-1/2"]
[WhiteElo "2901"]
[BlackElo "2607"]
[TimeControl "180+1"]
[EndTime "9:06:03 PDT"]
[Termination "Game drawn by repetition"]

1. e4 e5 2. Nf3 Nc6 3. Bb5 Nf6 4. O-O Nxe4 5. Re1 Nd6 6. Nxe5 Nxe5 7. Rxe5+ Be7 8.
Bf1 O-O 9. Nc3 Bf6 10. Re1 Re8 11. Rxe8+ Nxe8 12. Nd5 Bg5 13. d4 c6 14. Bxg5 Qxg5 15. Qe2 Kf8 16. Re1 Qd8 17. Qxe8+ Qxe8 18. Rxe8+ Kxe8 19. Nc7+ Kd8 20. Nxa8 b5 21. d5 Bb7 22.
d6 Bxa8 23. f4 b4 24. Bc4 f6 25. Kf2 c5 26. g4 Be4 27. c3 bxc3 28. bxc3 Kc8 29. Ke3 Bb1 30. a4 a5 31. Bb5 Kd8 32.
h4 h6 33. Bd3 Ba2 34. Ke4 Ke8 35. Bb5 Be6 36. g5 hxg5 37. hxg5 fxg5 38. fxg5 Kf7 39.
Kf4 Bh3 40. Bc4+ Be6 41. Bb5 Bh3 42. Ke5 Be6 43. Bd3 Bb3 44. g6+ Ke8 45. Bb5 Kd8 46.
c4 Bc2 47. Kd5 Bxg6 48. Kxc5 Be4 49. Kd4 Bb7 50. Ke5 Bf3 51. Kf5 Bh5 52. Kg5 Bf7 53.
c5 Kc8 54. Kf4 Kd8 55. Kf5 Be8 56. Bc4 Bh5 57. Bb3 Kc8 58. Kg5 Be8 59. Bd5 Kd8 60. Bc4 Kc8 61. Ba6+ Kd8 62. Bd3 Kc8 63. Be4 Kb8 64. Bd3 Bf7 65. Bb5 Kc8 66. Kf5 Kd8 67. Kg5 Kc8 1/2-1/2

[Event "Early-Titled-Tuesday-Blitz-March-26-2024"]
[Site "Chess.com"]
[Date "2024.03.26"]
[Round "6"]
[White "agvania123"]
[Black "Boundless_Strike"]
[Result "0-1"]
[WhiteElo "2413"]
[BlackElo "2618"]
[TimeControl "180+1"]
[EndTime "9:06:03 PDT"]
[Termination "Boundless_Strike won by resignation"]

1. e4 d6 2. d4 e5 3. Nc3 a6 4. Nf3 Bg4 5. dxe5 Nc6 6. exd6 Bxd6 7. Be2 Qe7 8. Be3 O-O-O 9. Nd5 Qxe4 10. Ng5 Bxe2 11.
Nxe4 Bxd1 12. Rxd1 Nge7 13. Nxd6+ Rxd6 14. Nxe7+ Nxe7 15. Rxd6 cxd6 16. f3 Nf5 17. Bf2 Re8+ 18. Kd2 Kd7 19. Re1 Rc8 20. Re4 f6 21. c3 d5 22. Rb4 Nd6 23. Bg3 Nc4+ 24. Kd3 b5 25. b3 Na5 26. Rg4 g5 27. h4 h5 28. Rd4 Ke6 29. hxg5 fxg5 30.
Kc2 h4 31. Bh2 Nc6 32. Rd1 d4 33. Kb2 dxc3+ 34. Kxc3 h3 35. gxh3 Ne5+ 36. Kb2 Nxf3 37. Bg3 Rh8 38. Rd3 Ng1 39. Bf2 Nxh3 40. Bd4 Rh7 41.
Re3+ Kd5 42. Bc3 g4 43. Re5+ Kd6 44. Re3 Rh5 45. Bb4+ Kd5 46. Bc3 Rg5 47. Bf6 Rg6 48.
Be5 Ng5 49. Bg3 Ne4 50. Rd3+ Ke6 51. Re3 Kf5 52. Rd3 Nxg3 53. Rxg3 Kf4 54. Rg1 g3 55. Rf1+ Ke3 56. Ka3 g2 57. Rc1 Kd2 58. Rg1 Rg4 59.
Rxg2+ Rxg2 60. Kb4 Rg6 61. a4 bxa4 62. bxa4 Kd3 63. a5 Kd4 64. Kb3 Kc5 65. Ka4 Kc4 0-1

[Event "Early-Titled-Tuesday-Blitz-March-26-2024"]
[Site "Chess.com"]
[Date "2024.03.26"]
[Round "6"]
[White "maurovargas01"]
[Black "Pertinhez76"]
[Result "1-0"]
[WhiteElo "1854"]
[BlackElo "2130"]
[TimeControl "180+1"]
[EndTime "9:06:04 PDT"]
[Termination "maurovargas01 won by checkmate"]

1. e4 e6 2. Nc3 d5 3. f4 c5 4. Bb5+ Nc6 5. Bxc6+ bxc6 6. d3 Nf6 7. e5 Nd7 8. Nf3 Be7 9. O-O O-O 10. Qe1 f6 11. exf6 Nxf6 12. Ne5 Qc7 13. b3 a5 14. Na4 Ba6 15. c4 Bc8 16. Ba3 Nd7 17. Nf3 Rf6 18.
Ng5 Nf8 19. g3 Qa7 20. Nf3 Nd7 21. Ne5 Qc7 22. Nxd7 Bxd7 23. Bxc5 Bxc5+ 24. Nxc5 dxc4 25. dxc4 Qa7 26. Qf2 Be8 27. Ne4 Rf8 28. Ng5 Qxf2+ 29. Rxf2 Bf7 30. Re2 h6 31. Nxe6 Rfe8 32. Rae1 a4 33.
Nc7 Rxe2 34. Rxe2 Ra7 35. Ne6 axb3 36. axb3 Ra1+ 37. Kf2 Rb1 38. Nd8 Bh5 39. Re3 c5 40.
Ne6 Rb2+ 41. Ke1 Rxh2 42. Nxc5 Rb2 43. Kf1 Bg4 44. Ke1 h5 45. Ne4 Kf7 46. Ng5+ Kf6 47. Rd3 Bf5 48. Rd6+ Ke7 49. Rb6 Bc2 50. Kd2 Bf5+ 51.
Kc3 Rb1 52. Kb4 g6 53. Rb7+ Kf6 54. Rf7# 1-0

[Event "Early-Titled-Tuesday-Blitz-March-26-2024"]
[Site "Chess.com"]
[Date "2024.03.26"]
[Round "6"]
[White "Bauman_Guy"]
[Black "Mysterio47"]
[Result "1/2-1/2"]
[WhiteElo "2905"]
[BlackElo "2718"]
[TimeControl "180+1"]
[EndTime "9:06:09 PDT"]
[Termination "Game drawn by repetition"]

1. e4 e5 2. Nf3 Nc6 3. Bb5 Nf6 4. O-O Nxe4 5. Re1 Nd6 6. a4 Be7 7. Nc3 e4 8. Nxe4 Nxe4 9. Rxe4 O-O 10. d4 d5 11. Re1 Bd7 12. c3 Bf6 13. Bf4 Ne7 14. Bd3 Ng6 15. Bg3 c6 16. a5 Re8 17. Rxe8+ Qxe8 18. Qb3 Qc8 19. Re1 a6 20. Qb4 Bg4 21. Nd2 Qd7 22.
Nb3 Be7 23. Nc5 Bxc5 24. Qxc5 Bf5 25. Bf1 Re8 26. Rxe8+ Qxe8 27. Qb6 Qc8 28. Bd6 h5 29.
h3 f6 30. Qc5 Qd7 31. Bb8 Ne7 32. Be2 h4 33. Qd6 Qxd6 34. Bxd6 Nc8 35. Bc5 Kf7 36.
Kf1 Ke6 37. f3 Nd6 38. Bxd6 Kxd6 39. Kf2 g5 40. Ke3 Ke6 41. Bd1 Kd6 42. Be2 Ke6 43.
Bf1 Kd6 44. Kf2 Ke6 45. g3 hxg3+ 46. Kxg3 Bc2 47. h4 Bf5 48. h5 Kf7 49. f4 Kg7 50. fxg5 fxg5 51. Bh3 Kf6 52. Bg4 Bd3 53. Bc8 Bb5 54. Bxb7 Kg7 55. Bc8 Kh6 56. Bg4 Bc4 57.
Kf2 Bb5 58. Ke3 Kg7 59. b3 Kf6 60. Kd2 Kg7 61. Ke3 Kh6 62. Bf3 Kg7 63. Bg4 1/2-1/2

[Event "Early-Titled-Tuesday-Blitz-March-26-2024"]
[Site "Chess.com"]
[Date "2024.03.26"]
[Round "6"]
[White "tetrix83"]
[Black "Misterfox120"]
[Result "1/2-1/2"]
[WhiteElo "2620"]
[BlackElo "2477"]
[TimeControl "180+1"]
[EndTime "9:06:11 PDT"]
[Termination "Game drawn - insufficient material"]

1. e4 c6 2. d4 d5 3. exd5 cxd5 4. Bd3 Nc6 5. c3 Nf6 6. h3 e5 7. dxe5 Nxe5 8. Nf3 Nxd3+ 9. Qxd3 Bd6 10. O-O O-O 11. Bg5 h6 12. Bh4 g5 13. Bg3 Bxg3 14. fxg3 g4 15. hxg4 Nxg4 16. Nbd2 Qd6 17. Nd4 Bd7 18.
Rae1 Rae8 19. Qf3 Re5 20. Rxe5 Qxe5 21. Qf4 Qxf4 22. gxf4 Re8 23. N2f3 Ne3 24. Re1 Nc4 25. Rxe8+ Bxe8 26. b3 Nd6 27. Nd2 Kg7 28. Kf2 Kf6 29. Ke3 Bd7 30. N2f3 Nf5+ 31. Nxf5 Bxf5 32. Nd4 Be4 33.
g4 a6 34. b4 Kg6 35. a4 f5 36. gxf5+ Bxf5 37. Nb3 Bc2 38. Nc5 b6 39. Nd7 Bxa4 40.
Nxb6 Bc6 41. Nc8 Kf6 42. f5 h5 43. Kf4 Bd7 44. Nd6 Bc6 45. Nc8 Bd7 46. Nb6 Bxf5 47. Nxd5+ Ke6 48. Nc7+ Kd6 49. Nxa6 Bd3 50. Nc5 Bc4 51.
Ke4 h4 52. Kd4 Bf1 53. Ne4+ Kc6 54. Nf2 h3 55. Ng4 Bg2 56. Nh2 Kb6 57. c4 Kc6 58.
Ng4 Kb6 59. Kc3 Kc7 60. b5 Kb6 61. Kb4 Kc7 62. c5 Bf3 63. Nh2 Be2 64. Ka5 Kb7 65.
c6+ Kc7 66. Kb4 Kb6 67. c7 Kxc7 68. Kc5 Bxb5 69. Kxb5 Kd6 70. Kc4 Ke5 71. Kd3 Kf4 72. Ke2 Kg3 73. Nf3 Kg2 74. Ke3 h2 75. Nxh2 1/2-1/2

[Event "Early-Titled-Tuesday-Blitz-March-26-2024"]
[Site "Chess.com"]
[Date "2024.03.26"]
[Round "6"]
[White "WiktoriaPOL"]
[Black "verrbaa"]
[Result "1/2-1/2"]
[WhiteElo "2288"]
[BlackElo "2485"]
[TimeControl "180+1"]
[EndTime "9:06:11 PDT"]
[Termination "Game drawn - insufficient material"]

1. c4 Nf6 2. Nc3 g6 3. g3 Bg7 4. Bg2 O-O 5. e4 c5 6. Nge2 Nc6 7. d3 d6 8. O-O Ne8 9. h3 Bd7 10. Be3 Nd4 11. Rb1 a5 12. f4 e6 13. g4 f5 14. exf5 exf5 15. Bxb7 Rb8 16. Bd5+ Kh8 17.
g5 Nc7 18. Bg2 Re8 19. Qd2 Qe7 20. Kf2 Nc2 21. Nd1 Nxe3 22. Nxe3 a4 23. Nd5 Nxd5 24. Bxd5 Rb6 25. d4 Reb8 26. Rfe1 Qd8 27. Kg2 Qc7 28. h4 cxd4 29. Nxd4 Qc5 30. Red1 Bxd4 31. Qxd4+ Qxd4 32. Rxd4 Rxb2+ 33. Rxb2 Rxb2+ 34. Kf3 Rxa2 35. Rd3 Rb2 36. Re3 Rb3 37. Rxb3 axb3 38. c5 b2 39. Ba2 dxc5 40. Ke2 Bc6 41. Kd2 Be4 42. Kc3 b1=Q 43. Bxb1 Bxb1 44.
Kc4 Kg7 45. Kxc5 Kf7 46. Kd6 Bc2 47. Kd7 Ba4+ 48. Kd6 Bb5 49. Kc5 Ba4 50. Kd6 Bd1 51.
Kd7 Bf3 52. Kd6 Kg7 53. Ke7 h6 54. Ke6 hxg5 55. hxg5 Bd1 56. Ke7 Bb3 57. Kd6 Kf7 58.
Kd7 Be6+ 59. Kd6 Bc8 60. Kc7 Ke6 61. Kxc8 Kd5 62. Kd7 Ke4 63. Ke6 Kxf4 64. Kf6 Ke4 65. Kxg6 f4 66. Kh7 f3 67. g6 f2 68. g7 f1=Q 69.
g8=Q Qh3+ 70. Kg7 Qg4+ 71. Kf8 Qxg8+ 72. Kxg8 1/2-1/2

[Event "Early-Titled-Tuesday-Blitz-March-26-2024"]
[Site "Chess.com"]
[Date "2024.03.26"]
[Round "6"]
[White "masnyszachistaaa"]
[Black "Elegance_Riks"]
[Result "1/2-1/2"]
[WhiteElo "2586"]
[BlackElo "2785"]
[TimeControl "180+1"]
[EndTime "9:06:12 PDT"]
[Termination "Game drawn - insufficient material"]

1. Nf3 d5 2. g3 Nf6 3. Bg2 g6 4. O-O Bg7 5. d4 O-O 6. c4 c6 7. cxd5 cxd5 8. Ne5 Nc6 9. Nxc6 bxc6 10. Nc3 Bf5 11. Bf4 Ne4 12. Rc1 Qb6 13. Nxe4 dxe4 14.
e3 Qxb2 15. Qa4 Qb5 16. Qc2 Qd5 17. Qxc6 Qxa2 18. Bxe4 Bxe4 19. Qxe4 Bf6 20. Ra1 Qb2 21. Ra6 Rfc8 22. Kg2 Kg7 23. Rfa1 h5 24. Be5 Qb4 25. Rxa7 Rxa7 26. Rxa7 Rf8 27. Bxf6+ exf6 28. Ra6 Qc4 29.
Qc6 Qxc6+ 30. Rxc6 Rb8 31. Rc2 f5 32. Kf3 Kf6 33. h4 Ke6 34. Kf4 Rb1 35. Kg5 Rb6 36. Ra2 Rd6 37. Rb2 Rc6 38. Kh6 Kf6 39. Rd2 Rd6 40. d5 Rd8 41. Kh7 Rd6 42. Rd4 Ke5 43. Rd2 Kf6 44. Rd1 Ke5 45. f3 Kf6 46. Rd2 Ke5 47. Rd1 Kf6 48. Rd2 Ke5 49. Rd3 Kf6 50. e4 fxe4 51. fxe4 Ke5 52. Rd1 Kxe4 53. Kg7 Rd7 54. Kf6 Kf3 55. Rd3+ Kg4 56. d6 Kh3 57. Ke5 Kg4 58. Kd5 Rd8 59. Kc6 f5 60. d7 f4 61.
gxf4 Kxh4 62. Kc7 Rh8 63. d8=Q+ Rxd8 64. Kxd8 Kg4 65. Rd6 Kxf4 66. Rxg6 h4 67. Ke7 h3 68. Rh6 Kg3 69. Kf6 h2 70. Kg5 Kg2 71. Kg4 h1=Q 72.
Rxh1 Kxh1 1/2-1/2

[Event "Early-Titled-Tuesday-Blitz-March-26-2024"]
[Site "Chess.com"]
[Date "2024.03.26"]
[Round "6"]
[White "Happy1712Drummer"]
[Black "Hope_6"]
[Result "1-0"]
[WhiteElo "2454"]
[BlackElo "2674"]
[TimeControl "180+1"]
[EndTime "9:06:13 PDT"]
[Termination "Happy1712Drummer won on time"]

1. e4 c6 2. d4 d5 3. Nc3 dxe4 4. Nxe4 Nf6 5. Nxf6+ exf6 6. Be2 Bd6 7. Bf3 O-O 8.
Ne2 Re8 9. O-O Nd7 10. c4 Nf8 11.
c5 Bc7 12. Be3 Be6 13. Nc3 Ng6 14. d5 cxd5 15. Bxd5 Bxd5 16. Qxd5 Qe7 17. g3 Be5 18. Rac1 Rad8 19. Qb3 f5 20. Rfe1 Qf6 21. Nd5 Qc6 22. Rcd1 f4 23. Bxf4 Nxf4 24. Ne7+ Rxe7 25. Rxd8+ Re8 26.
Rxe8+ Qxe8 27. gxf4 Qc6 28. Rxe5 Qg6+ 29. Kf1 Qb1+ 30.
Kg2 Qg6+ 31. Qg3 Qc6+ 32. Qf3 Qg6+ 33. Rg5 Qe6 34. Qxb7 h6 35. Rg3 Qxa2 36. Qe4 Qxb2 37. c6 Qb8 38. Qe5 Qb6 39. Qd5 Qc7 40. Rd3 Qxf4 41.
Qf3 Qg5+ 42. Qg3 Qc5 43. c7 Qc6+ 44. Rf3 g5 45. Qe5 g4 46. c8=Q+ Qxc8 47. Rg3 Kh7 48. Qe4+ f5 49. Qe7+ Kg6 50. Qd6+ Kg5 51. h4+ Kh5 52. Qf6 Qb7+ 53. Kh2 Qe4 54. Qf7+ Kxh4 55. Qf6+ Kh5 56. Qf7+ Kh4 57. Qg6 Qf4 58. Qf6+ Kh5 59. Qa6 Qxf2+ 60. Rg2 g3+ 61. Kh3 Qf4 62. Qe2+ Kg5 63. Rxg3+ Kf6 64. Qb2+ Ke6 65. Qb3+ 1-0